 Dungeon Crawl Stone Soup version 0.31.0-9-g3a7656b989 (webtiles) character file.

Game seed: 17382461908862578475

23 qw the Shooter (level 2, -2/16 HPs)
             Began as a Deep Elf Hunter on Feb 2, 2024.
             Slain by a gnoll
             ... wielding a +0 spear
              (5 damage)
             ... on level 2 of the Dungeon.
             The game lasted 00:00:02 (639 turns).

qw the Shooter (Deep Elf Hunter)                     Turns: 639, Time: 00:00:03

Health: -2/16      AC:  3    Str:  8    XL:     2   Next: 75%
Magic:  4/4        EV: 12    Int: 13    God:
Gold:   91         SH:  0    Dex: 18    Spells: 1/1 levels left

rFire   . . .        a - +0 shortbow
rCold   . . .        (shield currently unavailable)
rNeg    . . .        c - +0 leather armour
rPois   .            (no helmet)
rElec   .            (no cloak)
rCorr   .            (no gloves)
SInv    .            (no boots)
Will    .....        (no amulet)
Stlth   ++           (no ring)
HPRegen 0.22/turn    (no ring)
MPRegen 0.09/turn

%: no passive effects
@: no status effects
A: no striking features
a: no special abilities


You were on level 2 of the Dungeon.
You visited 1 branch of the dungeon, and saw 2 of its levels.

You collected 91 gold pieces.


   Skills:
 - Level 1.5 Fighting
 + Level 6.5 Ranged Weapons
 - Level 2.4 Dodging
 - Level 1.2 Stealth


You had one spell level left.
You didn't know any spells.
Your spell library was empty.

Inventory:

Hand Weapons
 a - a +0 shortbow (weapon)
Armour
 c - a +0 leather armour (worn)
 d - a +0 ring mail
Potions
 b - a potion of lignification {unknown}

Dungeon Overview and Level Annotations

Branches:
Dungeon (2/15)

Altars:

Shops:
D:1 :


Message History

The gnoll is moderately wounded.
You shoot an arrow.
The arrow hits the gnoll but does no damage.
The gnoll is moderately wounded.
Enter note:
629 ||| RETREEEEATING.
Enter note:
630 ||| RETREEEEATING.
The gnoll attacks as it pursues you! The gnoll hits you but does no damage.
Enter note:
631 ||| RETREEEEATING.
Enter note:
632 ||| RETREEEEATING.
The gnoll attacks as it pursues you! The gnoll hits you with a +0 club!
Enter note:
633 ||| RETREEEEATING.
You shoot an arrow.
The arrow hits the gnoll but does no damage.
The gnoll is lightly wounded.
The gnoll hits you but does no damage.
You shoot an arrow.
The arrow hits the gnoll but does no damage.
The gnoll is lightly wounded.
The gnoll barely misses you.
You shoot an arrow. The arrow hits the gnoll.
The gnoll is moderately wounded.
The gnoll barely misses you.
You shoot an arrow.
The arrow hits the gnoll but does no damage.
The gnoll is moderately wounded.
The gnoll hits you with a +0 club. The gnoll hits you but does no damage.
Enter note:
638 ||| RETREEEEATING.
The gnoll hits you from afar with a +0 spear.
You shoot an arrow. The arrow barely misses the hobgoblin.
The arrow hits the gnoll.
The gnoll is heavily wounded.
The hobgoblin barely misses you.
The gnoll hits you from afar with a +0 spear.
You die...

#.##... #...g# #..#
### ##.g# ...
##.g.###.#
..######..#.#...#
.......g......#
#.#..>.g###g..##
#......gg@.....#...
###.#######..<.....
# ####.#......
#....####...
#.######...#
#####.##........
#...........# ..
#.##.###..###...
..##.#..###........


You could see 2 gnolls and 2 hobgoblins.

Vanquished Creatures
  2 bats (D:1)
  6 endoplasms
  A giant cockroach (D:1)
  A goblin (D:1)
  2 hobgoblins (D:1)
  A quokka (D:2)
  4 kobolds (D:1)
  2 rats (D:1)
19 creatures vanquished.

Notes
Turn   | Place    | Note
-------+----------+-------------------------------------------
     0 | D:1      | qw the Deep Elf Hunter began the quest for the Orb.
     0 | D:1      | Reached XP level 1. HP: 12/12 MP: 3/3
     0 | D:1      | 0 ||| qw: Version: 0.3-a-155-g5e7d8dd
     0 | D:1      | 0 ||| qw: Game counter: 1843
     0 | D:1      | 0 ||| qw: Melee chars always use a shield: true
     0 | D:1      | 0 ||| qw: God list: Okawaru
     0 | D:1      | 0 ||| qw: Allow faded altars: false
     0 | D:1      | 0 ||| qw: Do Orc after clearing Dungeon:15 true
     0 | D:1      | 0 ||| qw: Do second Lair branch before Depths: true
     0 | D:1      | 0 ||| qw: Lair rune preference: random
     0 | D:1      | 0 ||| qw: Goals: Normal
     0 | D:1      | 0 ||| PLANNING D:1-11
   103 | D:1      | Reached skill level 6 in Ranged Weapons
   103 | D:1      | Reached XP level 2. HP: 16/16 MP: 4/4
   119 | D:1      | Found Ojotz's Book Emporium.
   552 | D:1      | 552 ||| READING 3 scrolls labelled YGIEGE MIORUCH.
   552 | D:1      | 552 ||| IDENTIFYING white potion
   553 | D:1      | 553 ||| READING 2 scrolls of identify.
   553 | D:1      | 553 ||| IDENTIFYING scroll labelled XASMOI GAAXUOD
   554 | D:1      | 554 ||| READING scroll of identify.
   554 | D:1      | 554 ||| IDENTIFYING scroll labelled OGAIGR AGUBRI
   555 | D:1      | 555 ||| DROPPING scroll of butterflies.
   556 | D:1      | 556 ||| DROPPING scroll of silence.
   557 | D:1      | 557 ||| DROPPING potion of attraction.
   558 | D:1      | 558 ||| DROPPING scroll of fog.
   626 | D:2      | 626 ||| RETREEEEATING.
   629 | D:2      | 629 ||| RETREEEEATING.
   630 | D:2      | 630 ||| RETREEEEATING.
   631 | D:2      | 631 ||| RETREEEEATING.
   632 | D:2      | 632 ||| RETREEEEATING.
   633 | D:2      | 633 ||| RETREEEEATING.
   638 | D:2      | 638 ||| RETREEEEATING.
   638 | D:2      | HP: 3/16 [gnoll/+0 spear (4)]
   639 | D:2      | Slain by a gnoll

Levels and vault maps discovered:
D:1:      lightli_iron_boxes, layout_basic, serial_shops, shop
D:2:      layout_rooms

Skill      XL: |  1 |
---------------+----+-----
Ranged Weapons | 6 |  6.5
Fighting       | |  1.5
Dodging        | |  2.4
Stealth        | |  1.2

Action                     || total
---------------------------++-------
   Fire: Shortbow          ||    46
    Use: Scroll            ||     3
 Armour: Leather armour    ||     9
  Dodge: Dodged            ||     3

Table legend:
 A = Non-vault XP
 B = Vault XP
 C = Vault XP percentage of total XP
 D = Non-vault monster count
 E = Vault monster count
 F = Vault count percentage of total count
                 A         B        C        D         E       F
            +---------+---------+-------+---------+---------+-------
      Total |      34 |       0 |   0.0 |      19 |       0 |   0.0
            +---------+---------+-------+---------+---------+-------
        D:1 |      30 |       0 |   0.0 |      17 |       0 |   0.0
        D:2 |       4 |       0 |   0.0 |       2 |       0 |   0.0
            +---------+---------+-------+---------+---------+-------
